 Dungeon Crawl Stone Soup version 0.25-a0-420-g1cc7eeb0d1 (webtiles) character file.

Game seed: 11417907038470702936, levelgen mode: deterministic

44734 Laukis the Carver (level 13, 0/93 HPs)
             Began as a Demonspawn Fighter on Jan 19, 2020.
             Was an Elder of Trog.
             Slain by a tyrant leech (14 damage)
             ... on level 1 of the Swamp.
             The game lasted 01:45:30 (28392 turns).

Laukis the Carver (Demonspawn Fighter)             Turns: 28392, Time: 01:45:31

Health: 0/93       AC: 23    Str: 21    XL:     13   Next: 97%
Magic:  0/15       EV: 11    Int: 10    God:    Trog [****..]
Gold:   976        SH: 13    Dex: 13    Spells: 12/12 levels left

rFire    . . .     SeeInvis .   P - +3 long sword (flame)
rCold    . . .     Gourm    .   c - +0 shield
rNeg     . . .     Faith    .   d - +0 swamp dragon scales
rPois    +         Spirit   +   (helmet unavailable)
rElec    .         Reflect  .   e - +0 cloak
rCorr    .         Harm     .   h - +0 pair of gloves
MR       +++..                  J - +2 pair of boots
Stlth    +.........             (no amulet)
HPRegen  1.25/turn              y - +3 ring of protection
MPRegen  0.14/turn              b - ring of stealth

@: regenerating, very slow
A: horns 3, slimy green scales 2, foul stench 1, magic resistance 1, magic
shield, rot immunity
a: Berserk, Trog's Hand, Brothers in Arms, Renounce Religion


You were on level 1 of the Swamp.
You worshipped Trog.
Trog was greatly pleased with you.
You were near starving.

You visited 4 branches of the dungeon, and saw 19 of its levels.

You collected 976 gold pieces.

Inventory:

Hand Weapons
 s - a +0 falchion of protection
 N - the +11 plutonium sword {*Contam Stlth-}
   (You found it on level 2 of the Lair of Beasts)

   It causes magical contamination when unequipped.
   It makes you less stealthy.
 P - a +3 long sword of flaming (weapon)
Missiles
 v - 35 poisoned darts (quivered)
 B - 10 javelins
Armour
 c - a +0 shield (worn)
 d - +0 swamp dragon scales (worn)
 e - a +0 cloak (worn)
 h - a +0 pair of gloves (worn)
 m - a +0 plate armour
 J - a +2 pair of boots (worn)
Jewellery
 b - a ring of stealth (right hand)
 y - a +3 ring of protection (left hand)
 F - an uncursed ring of poison resistance
Wands
 a - a wand of random effects (35)
 p - a wand of scattershot (4)
 u - a wand of flame (13)
 w - a wand of polymorph (20)
 z - a wand of clouds (4)
 H - a wand of paralysis (6)
 I - a wand of enslavement (3)
 L - a wand of disintegration (11)
 M - a wand of iceblast (2)
Scrolls
 g - a scroll of fog
 l - 5 scrolls of remove curse
 A - 7 scrolls of teleportation
 C - 2 scrolls of enchant weapon
 D - 4 scrolls of magic mapping
 Q - a scroll of torment
Potions
 i - 2 potions of haste
 j - 2 potions of ambrosia
 k - 5 potions of brilliance
 n - 2 potions of berserk rage
 o - a potion of resistance
 q - 3 potions of cancellation
 r - 4 potions of agility
 t - a potion of invisibility
 x - 10 potions of curing
 E - 2 potions of might
 G - a potion of heal wounds
 K - a potion of mutation
Comestibles
 f - 19 rations


   Skills:
 + Level 5.7 Fighting
 + Level 12.8 Long Blades
 - Level 4.0 Throwing
 - Level 12.1 Armour
 - Level 1.8 Dodging
 - Level 1.0 Stealth
 + Level 12.4 Shields
 - Level 3.0 Evocations


You had 12 spell levels left.
You didn't know any spells.
Your spell library was empty.

Dungeon Overview and Level Annotations

Branches:
Dungeon (11/15)            Temple (1/1) D:5            Lair (6/6) D:10
  Swamp (1/4) Lair:3       Spider (0/4) Lair:4        Slime (0/5) Lair:5
    Orc (0/2) D:9

Altars:
Ashenzari
Cheibriados
Dithmenos
Elyvilon
Fedhas
Gozag
Hepliaklqana
Kikubaaqudgha
Makhleb
Nemelex Xobeh
Okawaru
Qazlal
Ru
Sif Muna
Trog
Uskayaw
Vehumet
Wu Jian
Xom
Yredelemnul
Zin
The Shining One

Shops:
D:7 *

Portals:
Trove: D:11 (give 4 potions of resistance)

Annotations:
D:2 Grinder, Sigmund
D:6 3 runed translucent doors, Kagalorn's ghost, novice HuAs
D:8 1 runed translucent door, exclusion: 2 doors, Kohma's ghost, novice MiFi
D:10 2 transporters, DerDa's ghost, journeyman OpFE
D:11 1 exclusion, Fannar
Lair:4 2 transporters, qipq's ghost, journeyman OpFi


Innate Abilities, Weirdness & Mutations

You have a pair of large horns on your head.
You are mostly covered in slimy green scales. (AC +3)
You may emit foul miasma when damaged in melee.
When hurt, damage is shared between your health and your magic reserves.
You are immune to rotting.
You are resistant to hostile enchantments. (MR+)


Message History

You kill the slime creature!
Trog accepts your kill. You block the tyrant leech's attack.
Press: ? - help, v - describe, . - travel
Here: a tyrant leech (water) Some deep water.
Press: ? - help, v - describe, . - travel
Here: a tyrant leech (water) Some deep water.
Okay, then.
Okay, then.
Okay, then.
Your skin crawls.
You feel resistant to hostile enchantments.
You feel somewhat more hungry. The tyrant leech bites you!
* * * LOW HITPOINT WARNING * * *
The tyrant leech draws strength from your injuries!
You block the tyrant leech's attack. The tyrant leech bites you!!
You die...

≈≈..♣≈..≈ ≈...≈..%♣
..≈≈≈...♣♣♣ ≈≈
≈.≈≈≈..≈†.♣♣♣♣ ≈≈.
..≈≈≈.....^..♣♣ ...
≈....≈≈≈≈≈§§≈§♣♣♣♣≈♣
≈..≈.≈≈≈≈≈≈≈≈≈.≈♣..♣
≈...≈≈≈≈≈≈≈≈w§..≈..♣♣.
≈≈.≈.≈≈≈.§.≈≈@.....≈§.
≈≈...≈≈≈≈<.≈≈≈..≈§....
≈≈.).≈≈≈≈≈≈≈≈≈..≈..§..
≈≈?..≈≈≈≈≈≈≈≈≈..≈..≈..
≈≈≈..≈≈≈≈≈≈≈≈.......♣
♣♣♣♣§≈≈≈≈≈≈.§.....§.♣
....≈.≈≈..♣♣...≈≈.♣
...)≈≈.♣♣♣♣♣ .....♣♣
..♣≈..≈♣ .§≈.♣♣


You could see a tyrant leech.

Vanquished Creatures
  8 hydras
  A merfolk avatar (Lair:6)
  3 two-headed ogres
  A sea snake (Lair:6)
  A lindwurm (Lair:6)
  A necromancer (Lair:2)
  A harpy (Lair:6)
  8 elephants
  8 black mambas
  15 spiny frogs
  A gargoyle (D:10)
  Maggie (D:10)
  4 rime drakes
  8 komodo dragons
  3 wind drakes
  6 polar bears
  8 blink frogs (Lair:4)
  5 hippogriffs
  2 hornets (Lair:6)
  8 slime creatures
  3 wyverns
  24 yaks
  A vampire mosquito (D:10)
  3 basilisks
  2 hungry ghosts
  Menkaure (D:7)
  2 soldier ants (D:8)
  14 water moccasins
  5 porcupines
  4 orc warriors
  A swamp drake (D:9)
  2 sky beasts (D:6)
  2 phantoms
  11 ice beasts
  An eye of draining (D:10)
  6 ogres
  3 wolves (Lair:1)
  5 centaurs
  11 crocodiles
  A big kobold (D:9)
  16 bullfrogs
  6 scorpions
  3 wights (D:6)
  17 killer bees
  2 electric eels (Lair:3)
  2 howler monkeys
  2 vampire bats (Lair:4)
  5 crimson imps
  A bullfrog zombie (D:10)
  2 hounds
  4 centaur zombies
  12 orc wizards
  6 jellies
  8 orc priests
  2 bullfrog skeletons
  A centaur skeleton (D:4)
  Jessica (D:3)
  Ijyb (D:3)
  Terence (D:3)
  2 iguanas
  8 worker ants
  7 polar bear simulacra (Lair:2)
  2 yak simulacra (Lair:2)
  A wolf simulacrum (Lair:2)
  A bullfrog simulacrum (D:10)
  2 hound skeletons
  A howler monkey zombie (D:5)
  6 adders
  2 shadow imps
  8 worms
  A dart slug (D:1)
  5 leopard geckos
  51 orcs
  A ball python (D:3)
  14 bats
  7 giant cockroaches
  14 goblins
  3 hobgoblins
  13 jackals
  4 quokkas
  5 frilled lizards
  12 kobolds
  2 leopard gecko skeletons
  7 rats
  A river rat simulacrum (Lair:2)
  A plant (D:10)
468 creatures vanquished.

Vanquished Creatures (others)
  An orc wizard (D:9)
  4 fungi
  31 plants
36 creatures vanquished.

Grand Total: 504 creatures vanquished

Notes
Turn   | Place    | Note
-------+----------+-------------------------------------------
     0 | D:1      | Laukis the Demonspawn Fighter began the quest for the Orb.
     0 | D:1      | Reached XP level 1. HP: 18/18 MP: 1/1
   273 | D:1      | Gained mutation: You have a pair of small horns on your
                  | head. [demonic ancestry]
   273 | D:1      | Reached XP level 2. HP: 21/24 MP: 2/2
  1144 | D:2      | Reached XP level 3. HP: 17/29 MP: 3/3
  1778 | D:2      | Noticed Sigmund
  1941 | D:3      | Reached XP level 4. HP: 35/35 MP: 4/4
  1953 | D:3      | Found a sacrificial altar of Ru.
  1981 | D:3      | Noticed Jessica
  1997 | D:3      | Killed Jessica
  2626 | D:3      | Reached XP level 5. HP: 16/41 MP: 5/5
  3340 | D:3      | Noticed Grinder
  3463 | D:3      | Found a bloodstained altar of Trog.
  3463 | D:3      | Noticed Ijyb
  3475 | D:3      | Killed Ijyb
  3475 | D:3      | Gained mutation: You are partially covered in slimy green
                  | scales. (AC +2) [demonic ancestry]
  3475 | D:3      | Reached XP level 6. HP: 43/48 MP: 6/6
  3579 | D:3      | Noticed Terence
  3591 | D:3      | Killed Terence
  3624 | D:3      | Paralysed by Grinder for 4 turns
  3957 | D:2      | Paralysed by Grinder for 5 turns
  3967 | D:2      | Paralysed by Grinder for 6 turns
  3990 | D:2      | Paralysed by Grinder for 2 turns
  4509 | D:4      | Found a shimmering altar of Xom.
  4771 | D:4      | Reached skill level 1 in Dodging
  5019 | D:4      | Found a glowing silver altar of Zin.
  5114 | D:4      | Gained mutation: You are immune to rotting. [demonic
                  | ancestry]
  5114 | D:4      | Reached XP level 7. HP: 50/54 MP: 7/7
  5578 | D:4      | Reached skill level 5 in Long Blades
  5692 | D:5      | Entered Level 5 of the Dungeon
  5848 | D:5      | Found a shimmering blue altar of Sif Muna.
  6306 | D:5      | Gained mutation: When hurt, damage is shared between your
                  | health and your magic reserves. [demonic ancestry]
  6306 | D:5      | Reached XP level 8. HP: 57/61 MP: 8/8
  6358 | D:5      | Reached skill level 5 in Fighting
  6364 | D:5      | Found a shadowy altar of Dithmenos.
  6579 | D:5      | Reached skill level 5 in Shields
  6698 | D:5      | Found a staircase to the Ecumenical Temple.
  6704 | Temple   | Entered the Ecumenical Temple
  6941 | D:3      | Became a worshipper of Trog the Wrathful
  7418 | D:5      | Found a burning altar of Makhleb.
  7654 | D:6      | Noticed Kagalorn's ghost (novice HuAs)
  7658 | D:6      | Reached skill level 1 in Stealth
  7802 | D:6      | Found a runed translucent gate.
  7802 | D:6      | Found a runed translucent gate.
  7802 | D:6      | Found a runed translucent gate.
  8066 | D:6      | Reached skill level 1 in Evocations
  8179 | D:6      | Reached skill level 5 in Armour
  8216 | D:6      | Found a blossoming altar of Fedhas.
  8584 | D:6      | Gained mutation: You are mostly covered in slimy green
                  | scales. (AC +3) [demonic ancestry]
  8584 | D:6      | Reached XP level 9. HP: 57/68 MP: 10/10
  9019 | D:7      | Found Vebiceh's Assorted Antiques.
  9551 | D:7      | Found a glowing silver altar of Zin.
  9664 | D:7      | Reached * piety under Trog
 10017 | D:7      | Noticed Menkaure
 10023 | D:7      | Killed Menkaure
 10291 | D:8      | Noticed a two-headed ogre
 10408 | D:8      | Noticed a six-headed hydra
 11252 | D:8      | Noticed a two-headed ogre
 11343 | D:7      | Gained mutation: Your magical capacity is low. (-10% MP)
                  | [potion of mutation]
 11343 | D:7      | Gained mutation: Your mind is acute. (Int +2) [potion of
                  | mutation]
 11349 | D:7      | Killed a two-headed ogre
 11446 | D:7      | Lost mutation: Your mind is acute. (Int +2) [potion of
                  | mutation]
 11446 | D:7      | Lost mutation: Your magical capacity is low. (-10% MP)
                  | [potion of mutation]
 11446 | D:7      | Gained mutation: You are dopey. (Int -2) [potion of
                  | mutation]
 11446 | D:7      | Lost mutation: You are dopey. (Int -2) [potion of mutation]
 11446 | D:7      | Gained mutation: You are resistant to hostile enchantments.
                  | (MR+) [potion of mutation]
 11446 | D:7      | Gained mutation: You have a pair of horns on your head.
                  | [potion of mutation]
 11566 | D:8      | Reached ** piety under Trog
 11566 | D:8      | Reached XP level 10. HP: 74/74 MP: 12/12
 11569 | D:8      | Found a sacrificial altar of Ru.
 11591 | D:8      | a two-headed ogre changed into a slime creature
 11626 | D:8      | Found a runed translucent door.
 11643 | D:8      | Noticed Kohma's ghost (novice MiFi)
 12878 | D:9      | Found a staircase to the Orcish Mines.
 13591 | D:10     | Entered Level 10 of the Dungeon
 13625 | D:10     | Reached *** piety under Trog
 13696 | D:10     | Noticed a two-headed ogre
 13708 | D:10     | Killed a two-headed ogre
 13708 | D:10     | Reached skill level 1 in Throwing
 14220 | D:10     | Mutation became permanent: You have a pair of small horns
                  | on your head. [demonic ancestry]
 14220 | D:10     | Gained mutation: You have a pair of horns on your head.
                  | [demonic ancestry]
 14220 | D:10     | Reached XP level 11. HP: 24/80 MP: 5/13
 14477 | D:10     | Noticed Maggie
 14529 | D:10     | Killed Maggie
 14698 | D:10     | Found a staircase to the Lair.
 14893 | D:10     | Found a transporter.
 14896 | D:10     | Noticed DerDa's ghost (journeyman OpFE)
 14898 | D:10     | Identified the +3 great mace of Responsibility {pain, +Rage
                  | rF+ Dex+3}
 14898 | D:10     | Noticed a two-headed ogre
 14900 | D:10     | Found a transporter.
 15074 | D:10     | Noticed a two-headed ogre
 15111 | D:10     | Killed a two-headed ogre
 15499 | D:11     | Found a shimmering altar of Xom.
 15741 | D:11     | Found a portal to a secret trove of treasure.
 15837 | D:11     | Noticed Fannar
 16033 | D:11     | Found a runed translucent door.
 16050 | D:11     | Noticed an orc knight
 16083 | D:11     | Reached **** piety under Trog
 16371 | Lair:1   | Entered Level 1 of the Lair of Beasts
 17630 | Lair:1   | Reached skill level 10 in Long Blades
 18432 | Lair:2   | Found the +11 plutonium sword {*Contam Stlth-}
 18582 | Lair:2   | Found a frozen archway.
 19532 | Lair:2   | Gained mutation: You may emit foul miasma when damaged in
                  | melee. [demonic ancestry]
 19532 | Lair:2   | Reached XP level 12. HP: 79/86 MP: 14/14
 20297 | Lair:3   | Noticed a seven-headed hydra
 20461 | Lair:3   | Reached skill level 10 in Shields
 20508 | Lair:3   | Got a bronze chain mail
 20773 | Lair:3   | Identified the cursed +0 chain mail of the Volcano
                  | {*Corrode Str+6 Dex+4} (You found it on level 3 of the Lair
                  | of Beasts)
 20805 | Lair:3   | Found a dark tunnel.
 20951 | Lair:3   | Reached skill level 10 in Armour
 21363 | Lair:3   | Found a staircase to the Swamp.
 21378 | Lair:3   | Killed a 12-headed hydra
 22135 | Lair:3   | Noticed a seven-headed hydra
 22220 | Lair:4   | Noticed a catoblepas
 22532 | Lair:4   | You fall into a shaft and drop 1 floor!
 22635 | Lair:4   | Found a transporter.
 22635 | Lair:4   | Noticed qipq's ghost (journeyman OpFi)
 22635 | Lair:4   | Noticed a catoblepas
 22953 | Lair:3   | Killed a 12-headed hydra
 23259 | Lair:4   | Found a hole to the Spider Nest.
 23850 | Lair:4   | Found a transporter.
 23851 | Lair:4   | Noticed a six-headed hydra
 24401 | Lair:4   | Reached ***** piety under Trog
 24401 | Lair:4   | Received a gift from Trog
 24439 | Lair:4   | Gained mutation: You have a pair of large horns on your
                  | head. [demonic ancestry]
 24439 | Lair:4   | Reached XP level 13. HP: 84/91 MP: 9/15
 24990 | Lair:5   | Found a staircase to the Slime Pits.
 25361 | Lair:6   | Entered Level 6 of the Lair of Beasts
 28333 | Swamp:1  | Entered Level 1 of the Swamp
 28392 | Swamp:1  | Slain by a tyrant leech

Levels and vault maps discovered:
D:1:      roderic_chinese_lattice_arrival, layout_basic, minmay_small_reverse_x
D:2:      layout_basic, first_ration, uniq_sigmund
D:3:      minmay_door_path, layout_rooms, old_standard_altar,
          nicolae_ru_awakened_eye, uniq_jessica, uniq_grinder, uniq_terence,
          uniq_ijyb
D:4:      layout_basic, zin_academy, led_xom_imps, serial_curves,
          eino_curves_01, eino_curves_02, st_stairs_3, supply_closet_lemuel,
          minmay_misc_feat_nine_boxes, kennysheep_generic_room_12
D:5:      layout_basic, lightli_temple_of_fire,
          minmay_temple_entry_enclosed_plants, basic_altar,
          grunt_dithmenos_shadows
D:6:      cheibrodos_quashed, layout_loops_ring, gammafunk_ghost_icy,
          fedhas_altar_1
D:7:      layout_gridville, serial_shops, nicolae_shop_behind_doors,
          basic_altar, uniq_menkaure
D:8:      layout_basic, lemuel_coloured_pillars_altar,
          ebering_ghost_inner_flame, hangedman_pestilent_swarm,
          kennysheep_generic_room_14
D:9:      layout_loops_corners, erik_orc_1
D:10:     minmay_chambers_of_sixes, layout_cave_pods, dpeg_oklobed_lair,
          gammafunk_ghost_smash, hangedman_abyss_or_decor_clamps, uniq_maggie
D:11:     layout_cave_pools, basic_altar, nicolae_trove_entry_crossroad,
          lightli_church_of_beogh, uniq_fannar
Temple:   minmay_crystal_spiral_temple
Lair:1:   layout_long_grid, hangedman_lair_generics_rect
Lair:2:   layout_hall_layers, portal_ice_cave_entry_ice_beasts,
          serial_bayou_pond_d, eino_house_with_fridge
Lair:3:   layout_chaotic_city, swamp_mist, serial_bayou, serial_bayou_shore_b,
          serial_bayou_ford_a, serial_bayou_lagoon_a, serial_bayou_lagoon_b,
          serial_bayou_lake_a, serial_bayou_shore_b,
          nicolae_volcano_entry_hallway
Lair:4:   layout_long_grid, nicolae_spider_entry_non_spiders,
          gammafunk_ghost_arena, roderic_batcave, infiniplex_staircase_pool
Lair:5:   layout_small_grid, minmay_slime_entry_pillars, grunt_megastairs_2
Lair:6:   gammafunk_lair_ancient_temple, layout_gridlike
Swamp:1:  layout_basic_swamp, evilmike_swamp_ruin_house_6, swamp_pool1,
          infiniplex_staircase_pool_2, uniq_kirke

Skill      XL: |  1  2  3  4  5  6  7  8  9 10 11 12 13 |
---------------+----------------------------------------+-----
Shields        | 3 4 5 7 8 9 11 12 | 12.4
Armour         | 3 4 5 6 8 9 11 12 | 12.1
Long Blades    | 2 3 4 5 6 8 9 10 11 12 | 12.8
Fighting       | 4 5 |  5.7
Dodging        | 1 |  1.8
Stealth        | 1 |  1.0
Evocations     | 2 3 |  3.0
Throwing       | 2 4 |  4.0

Action                   |  1- 3 |  4- 6 |  7- 9 | 10-12 | 13-15 || total
-------------------------+-------+-------+-------+-------+-------++-------
Melee: Long sword        |   104 |   236 |   493 |   858 |   433 ||  2124
       Headbutt          |    11 |    52 |   102 |   329 |   119 ||   613
       Falchion          |       |       |       |   515 |     6 ||   521
Throw: Dart              |       |       |     5 |    24 |       ||    29
Invok: Berserk           |       |       |       |    11 |       ||    11
       Trog's Hand       |       |       |       |       |     1 ||     1
Evoke: Wand              |       |       |       |    11 |       ||    11
  Use: Scroll            |       |     4 |     9 |     8 |     3 ||    24
       Potion            |       |     1 |     5 |     4 |     1 ||    11
 Stab: Sleeping          |       |       |       |     3 |     1 ||     4
       Distracted        |       |       |       |     1 |       ||     1
       Invisible         |       |       |       |       |     2 ||     2
  Eat: Chunk             |     3 |    11 |    11 |    27 |     9 ||    61
       Ration            |       |       |     4 |     8 |     1 ||    13
Armor: Scale mail        |    62 |   122 |   218 |   131 |       ||   533
       Swamp dragon scal |       |       |       |   432 |   181 ||   613
Dodge: Dodged            |    39 |    62 |   129 |   472 |   147 ||   849
Block: Shield            |    63 |   129 |   223 |   789 |   228 ||  1432
       Rpst.: Long sword |    11 |     9 |    35 |    80 |    36 ||   171
       Falchion          |       |       |       |    40 |       ||    40

Table legend:
 A = Non-vault XP
 B = Vault XP
 C = Vault XP percentage of total XP
 D = Non-vault monster count
 E = Vault monster count
 F = Vault count percentage of total count
                 A         B        C        D         E       F
            +---------+---------+-------+---------+---------+-------
      Total |   45315 |   18592 |  29.1 |     338 |     130 |  27.8
            +---------+---------+-------+---------+---------+-------
        D:1 |      22 |       7 |  24.1 |      16 |       4 |  20.0
        D:2 |      61 |       0 |   0.0 |      18 |       0 |   0.0
        D:3 |     236 |     117 |  33.1 |      34 |       7 |  17.1
        D:4 |     396 |     251 |  38.8 |      12 |       6 |  33.3
        D:5 |     823 |     127 |  13.4 |      22 |       1 |   4.3
        D:6 |     995 |       0 |   0.0 |      22 |       0 |   0.0
        D:7 |    1633 |     172 |   9.5 |      17 |       1 |   5.6
        D:8 |     653 |     348 |  34.8 |      17 |       4 |  19.0
        D:9 |    1833 |     581 |  24.1 |      31 |      17 |  35.4
       D:10 |    3551 |    2133 |  37.5 |      18 |       7 |  28.0
       D:11 |     843 |     139 |  14.2 |      13 |       9 |  40.9
     Lair:1 |    2072 |    2103 |  50.4 |      11 |       7 |  38.9
     Lair:2 |    2102 |    1756 |  45.5 |       9 |      18 |  66.7
     Lair:3 |    5847 |       0 |   0.0 |      21 |       0 |   0.0
     Lair:4 |    8135 |     307 |   3.6 |      28 |      16 |  36.4
     Lair:5 |    4377 |    3235 |  42.5 |      17 |      11 |  39.3
     Lair:6 |    9400 |    7316 |  43.8 |      26 |      22 |  45.8
    Swamp:1 |    2336 |       0 |   0.0 |       6 |       0 |   0.0
            +---------+---------+-------+---------+---------+-------
